 Dungeon Crawl Stone Soup version 0.20-a0-472-g5c05303 (webtiles) character file.

212 HarleyQuinn the Slasher (level 5, 0/27 HPs)
             Began as a Vine Stalker Fighter on Jan 14, 2017.
             Slain by Crazy Yiuf
             ... wielding a +3 quarterstaff of chaos
              (1 damage)
             ... while paralysed by Crazy Yiuf
             ... on level 2 of the Dungeon.
             The game lasted 00:02:05 (1700 turns).

HarleyQuinn the Slasher (Vine Stalker Fighter)      Turns: 1700, Time: 00:02:06

Health: 0/27       AC:  6    Str: 19    XL:     5   Next: 89%
Magic:  0/6        EV:  2    Int:  8    God:
Gold:   50         SH:  0    Dex: 14    Spells: 4/4 levels left

rFire  . . .     SeeInvis .     k - +2 short sword (vamp)
rCold  . . .     Gourm    .     b - +0 scale mail
rNeg   + + +     Faith    .     c - +0 shield
rPois  ∞         Spirit   +     (no helmet)
rElec  .         Reflect  .     (no cloak)
rCorr  .         Harm     .     (no gloves)
MR     .....                    (no boots)
Stlth  ..........               (no amulet)
                                (no ring)
                                (no ring)

@: paralysed, petrified
A: fangs 2, regeneration 1, magic shield, antimagic bite, no potion heal 3, rot
immunity
a: no special abilities


You were on level 2 of the Dungeon.
You were not hungry.

You visited 1 branch of the dungeon, and saw 2 of its levels.

You collected 50 gold pieces.

Inventory:

Hand Weapons
 a - a +0 long sword
 k - a +2 vampiric short sword (weapon)
Armour
 b - a +0 scale mail (worn)
 c - a +0 shield (worn)
Scrolls
 e - 3 scrolls of identify {unknown}
 h - a scroll of teleportation {unknown}
 j - a scroll of enchant armour {unknown}
 l - a scroll of magic mapping {unknown}
Potions
 d - a potion of might
 i - 2 potions of flight {unknown}
 m - a potion of heal wounds {unknown}
 n - a potion of haste {unknown}
 o - a potion of curing {unknown}
Comestibles
 f - 2 bread rations


   Skills:
 - Level 2.6 Fighting
 + Level 5.4 Long Blades
 - Level 2.4 Armour
 - Level 2.6 Shields


You had 4 spell levels left.
You didn't know any spells.

Dungeon Overview and Level Annotations

Branches:
Dungeon (2/15)

Altars:
Trog

Annotations:
D:2 Crazy Yiuf


Innate Abilities, Weirdness & Mutations

You have extremely sharp teeth.
Your natural rate of healing is unusually fast.
When hurt, damage is shared between your health and your magic reserves.
Your bite disrupts and absorbs the magic of your enemies.
Potions cannot restore your health.
You are immune to rotting.


Message History

Your limbs are stiffening.
You closely miss Crazy Yiuf.
Crazy Yiuf is severely wounded.
Crazy Yiuf cries, "You leg down broken song, no?"
Crazy Yiuf hits you with a quarterstaff of chaos.
Crazy Yiuf hits you but does no damage.
You have turned to stone.
Crazy Yiuf hits you with a quarterstaff of chaos!
Crazy Yiuf burns you.
Crazy Yiuf screams, "Snurf Xom infinity!"
Crazy Yiuf hits you with a quarterstaff of chaos!
* * * LOW HITPOINT WARNING * * *
Crazy Yiuf burns you.
* * * LOW HITPOINT WARNING * * *
Crazy Yiuf hits you with a quarterstaff of chaos!
* * * LOW HITPOINT WARNING * * *
You suddenly lose the ability to move!
Crazy Yiuf hits you with a quarterstaff of chaos.
* * * LOW HITPOINT WARNING * * *
Crazy Yiuf freezes you.
You die...

###.# #....#
###...#######
♣....♣
............#
♣...♣♣
....#######.#
♣♣.♣♣ #####
### ♣.♣♣ ♣♣.♣
♣.♣♣ ♣♣.♣ #@#
#.g.# #...#
#..)# #####


You could see Crazy Yiuf.

Vanquished Creatures
  Sigmund (D:2)
  An adder (D:2)
  An ooze (D:2)
  A leopard gecko (D:2)
  2 giant cockroaches
  2 goblins (D:1)
  6 hobgoblins
  4 jackals (D:1)
  7 bats
  5 frilled lizards
  9 kobolds
  3 rats
42 creatures vanquished.

Vanquished Creatures (others)
  4 toadstools (D:1)
4 creatures vanquished.

Grand Total: 46 creatures vanquished

Notes
Turn   | Place    | Note
-------+----------+-------------------------------------------
     0 | D:1      | HarleyQuinn the Vine Stalker Fighter began the quest for the Orb.
     0 | D:1      | Reached XP level 1. HP: 11/11 MP: 2/2
    31 | D:1      | Reached skill level 2 in Long Blades
   194 | D:1      | Reached XP level 2. HP: 16/16 MP: 3/3
   839 | D:2      | Reached skill level 3 in Long Blades
   848 | D:2      | Reached XP level 3. HP: 14/19 MP: 4/4
  1539 | D:2      | Noticed Sigmund
  1553 | D:2      | Killed Sigmund
  1553 | D:2      | Reached skill level 5 in Long Blades
  1553 | D:2      | Gained mutation: Your natural rate of healing is unusually fast. [Vine Stalker growth]
  1553 | D:2      | Reached XP level 4. HP: 20/23 MP: 3/5
  1553 | D:2      | Reached XP level 5. HP: 23/27 MP: 3/6
  1648 | D:2      | Found a bloodstained altar of Trog.
  1682 | D:2      | Found a runed door.
  1686 | D:2      | Noticed Crazy Yiuf
  1699 | D:2      | Paralysed by Crazy Yiuf for 6 turns
  1700 | D:2      | HP: 1/27 [Crazy Yiuf/quarterstaff of chaos (1)]
  1700 | D:2      | Slain by Crazy Yiuf

Vault maps used:
D:1:      ldierk_walled_garden_2
D:2:      lemuel_coloured_pillars_altar, kennysheep_another_room, minivault_19,
          nrook_mini_backslash, st_stairs_14, solitary_fountain,
          uniq_crazy_yiuf_cottage, uniq_sigmund

Skill      XL: |  1  2  3 |
---------------+----------+-----
Long Blades    | 2 3 5 |  5.4
Fighting       | |  2.6
Armour         | |  2.4
Shields        | |  2.6

Action                   |  1- 3 |  4- 6 || total
-------------------------+-------+-------++-------
Melee: Long sword        |    71 |       ||    71
       Bite              |    26 |     5 ||    31
       Short sword       |    43 |     8 ||    51
  Eat: Chunk             |     2 |     1 ||     3
       Bread ration      |     1 |       ||     1
Armor: Scale mail        |    49 |     2 ||    51
Dodge: Dodged            |    28 |     1 ||    29
Block: Shield            |    66 |       ||    66
       Rpst.: Long sword |     9 |       ||     9
